 Dungeon Crawl Stone Soup version 0.29-a0-340-g6efceafd81 (webtiles) character file.

Game seed: 15449271633442041362

2 HendSelp the Insei (level 1, -2/11 HPs)
             Began as a Vine Stalker Monk on Apr 19, 2022.
             Slain by a kobold
             ... wielding a +3 short sword
              (4 damage)
             ... on level 1 of the Dungeon.
             The game lasted 00:00:11 (90 turns).

HendSelp the Insei (Vine Stalker Monk)                Turns: 90, Time: 00:00:12

Health: -2/11      AC:  2    Str: 13    XL:     1   Next: 40%
Magic:  0/2        EV: 12    Int: 10    God:
Gold:   8          SH:  0    Dex: 16    Spells: 0/0 levels left

rFire   . . .      SeeInvis .     - Unarmed
rCold   . . .      Faith    .   (no shield)
rNeg    . . .      Spirit   +   a - +0 robe
rPois   .          Reflect  .   (no helmet)
rElec   .          Harm     .   (no cloak)
rCorr   .          Rampage  .   (no gloves)
Will    .....                   (no boots)
Stlth   ++........              (no amulet)
HPRegen 0.03/turn               (no ring)
MPRegen 0.08/turn               (no ring)

@: no status effects
A: fangs 2, magic shield, antimagic bite, no potion heal 2
a: no special abilities


You were on level 1 of the Dungeon.
You visited 1 branch of the dungeon, and saw 1 of its levels.

You collected 8 gold pieces.

Inventory:

Armour
 a - a +0 robe (worn)
Scrolls
 c - a scroll of enchant armour {unknown}


   Skills:
 * Level 2.7 Fighting
 * Level 2.4 Dodging
 - Level 2.4 Stealth
 * Level 3.0 Unarmed Combat


You couldn't memorise any spells.
You didn't know any spells.
Your spell library was empty.

Dungeon Overview and Level Annotations

Branches:
Dungeon (1/15)

Altars:


Innate Abilities, Weirdness & Mutations

You have extremely sharp teeth.
When hurt, damage is shared between your health and your magic reserves.
Your bite disrupts and absorbs the magic of your enemies.
Potions cannot restore your health.


Message History

You are too injured to fight recklessly!
You are too injured to fight recklessly!
You are too injured to fight recklessly!
You are too injured to fight recklessly!
You are too injured to fight recklessly!
You are too injured to fight recklessly!
A quokka is nearby!
You are too injured to fight recklessly!
You are too injured to fight recklessly!
You miss the quokka. You bite the quokka, but do no damage.
The quokka is almost dead.
The quokka barely misses you. x2
You closely miss the quokka. You bite the quokka, but do no damage.
The quokka is almost dead.
The quokka bites you.
* * * LOW HITPOINT WARNING * * *
You hit the quokka but do no damage.
The quokka is almost dead.
The quokka barely misses you.
You closely miss the quokka.
The quokka is almost dead.
The quokka misses you.
You barely miss the quokka. Your bite misses the quokka.
The quokka is almost dead.
The quokka barely misses you.
You closely miss the quokka.
The quokka is almost dead.
The quokka closely misses you.
You hit the quokka.
You kill the quokka!
A kobold comes into view. It is wielding a +3 short sword.
The kobold shouts!
The kobold throws a stone.
The stone closely misses you.
You are confused.
Your system rejects the healing.
You feel invigorated.
You're too confused to move!
You bump into the rock wall.
You feel less invigorated.
You feel less confused.
The kobold hits you with a +3 short sword.
You die...

### ##### #..
### #... #<#
...#########.#
####
#.#...†.....#
#...
#...........#
#.##
###.#######.#
#..# ###.#
#.########
#..@#
#.....>.##
#..K#
########.#
#...# ##.
##.## ## ...
#.## ... ###


You could see a kobold.

Vanquished Creatures
  A bat (D:1)
  A quokka (D:1)
2 creatures vanquished.

Notes
Turn   | Place    | Note
-------+----------+-------------------------------------------
     0 | D:1      | HendSelp the Vine Stalker Monk began the quest for the Orb.
     0 | D:1      | Reached XP level 1. HP: 11/11 MP: 2/2
    90 | D:1      | Slain by a kobold

Illustrated notes

Levels and vault maps discovered:
D:1:      onia_arrival_mini_spirals, layout_loops_ring,
          dreamdust_ecumenical_altar_hidden_monk_grotto

Action                   || total
-------------------------++-------
Melee: Unarmed           ||    13
       Bite              ||     3
       Punch             ||     1
  Use: Potion            ||     1
 Stab: Sleeping          ||     1
Dodge: Dodged            ||    10

Table legend: (Time is in decaauts)
 A = Elapsed time spent in this place.
 B = Non-inter-level travel time spent in this place.
 C = Inter-level travel time spent in this place.
 D = Time resting spent in this place.
 E = Time spent auto-exploring this place.
 F = Levels seen in this place.
 G = Mean time per level.
                   A        B        C        D        E       F      G
               +--------+--------+--------+--------+--------+-----+--------+
         Total |     89 |     89 |      0 |      0 |     59 |   1 |   89.0 |
       Dungeon |     89 |     89 |      0 |      0 |     59 |   1 |   89.0 |
               +--------+--------+--------+--------+--------+-----+--------+

Top non-repeatable levels by time:
     D:1: 89 daAuts
